Map: Submarine LE

Players

Massa - Winner!

  • Race: Terran Terran
  • League: Platinum
  • Spawn Location: 11:00

eliaz

  • Race: Protoss Protoss
  • League: Platinum
  • Spawn Location: 5:00

VOD

Have the link to the VOD?

Description

Time

  • Played on: Jan. 15, 2021, 6:33 p.m.
  • Length: 14:30
Show
View Real Time Build Order
Export as new Build Order

Massa Terran - Winner!

Build Orders: 2 Factory 

Get SALT Encoding   

  12  0:00  SCV  
  13  0:12  SCV  
  14  0:18  Supply Depot  
  14  0:25  SCV  
  15  0:39  SCV  
  15  0:40  Barracks  
  16  0:47  Refinery  
  16  0:51  SCV  
  17  1:03  SCV  
  18  1:16  SCV  
  19  1:31  Orbital Command  
  19  1:35  Marine  
  20  1:43  Command Center  
  20  1:59  SCV  
  21  2:11  SCV  
  22  2:16  Barracks Tech Lab  
  22  2:17  Factory  
  22  2:27  SCV  
  23  2:30  Supply Depot  
  23  2:33  Refinery  
  23  2:42  Factory  
  23  2:52  SCV  
  23  2:56  Orbital Command  
  24  3:05  Barracks Tech Lab  
  24  3:10  Supply Depot  
  25  3:12  SCV  
  25  3:15  Refinery  
  25  3:23  SCV  
  25  3:24  Engineering Bay  
  25  3:25  SCV  
  27  3:28  Refinery  
  27  3:33  Cyclone  
  30  3:35  SCV  
  30  3:40  Barracks Tech Lab, SCV  
  32  3:44  Cyclone  
  32  3:47  SCV  
  36  3:52  SCV  
  37  3:59  SCV  
  37  4:00  Marine  
  39  4:04  SCV  
  39  4:05  Cyclone  
  39  4:08  Missile Turret  
  43  4:12  Missile Turret  
  43  4:13  Mag-Field Accelerator  
  43  4:17  Cyclone  
  46  4:27  SCV  
  46  4:30  SCV  
  48  4:37  Cyclone  
  51  4:39  SCV  
  52  5:22  Supply Depot  
  52  5:23  Supply Depot  
  52  5:24  Supply Depot  
  52  5:25  Supply Depot  
  52  5:28  Command Center  
  52  5:44  Cyclone x2  
  58  6:16  Cyclone x2  
  58  6:48  Cyclone x2  
  58  6:50  SCV x2  
  66  7:02  SCV x2  
  68  7:11  Barracks  
  68  7:12  Barracks  
  68  7:13  Barracks  
  68  7:14  SCV x2  
  70  7:16  Barracks  
  70  7:17  Terran Infantry Weapons Level 1  
  70  7:20  Cyclone x2  
  70  7:21  Planetary Fortress  
  76  7:22  Starport  
  76  7:23  Armory  
  76  7:26  SCV x2  
  76  7:27  Marauder  
  80  7:38  SCV x2  
  79  7:49  Marauder  
  81  7:52  Cyclone  
  55  8:49  Cyclone x2  
  55  8:50  Marauder  
  52  9:11  Marauder  
  52  9:12  Marine  
  52  9:13  Marine x3  
  55  9:30  Marine  
  55  9:31  Marine x3  
  55  9:32  Cyclone x2, Marine  
  59  9:39  Stimpack  
  59  9:48  Marine x4  
  59  9:50  Marine  
  61  10:04  Cyclone x2  
  61  10:06  Marine x2  
  69  10:15  Barracks Reactor, Barracks Tech Lab  
  69  10:21  SCV  
  69  10:22  SCV x2  
  72  10:33  SCV  
  72  10:34  SCV x2  
  75  10:38  Refinery, Terran Infantry Weapons Level 2  
  75  10:41  Medivac  
  77  10:43  Combat Shield  
  77  10:46  SCV x3  
  77  10:48  Barracks Reactor, Barracks Tech Lab  
  80  10:58  SCV x3  
  80  11:03  Marauder x2  
  80  11:04  Marine x2  
  88  11:11  Medivac  
  91  11:13  Smart Servos  
  91  11:14  Drilling Claws  
  91  11:16  Siege Tank x2  
  91  11:18  Marauder  
  99  11:19  Concussive Shells  
  99  11:21  Marine x2  
  101  11:32  Supply Depot x2  
  101  11:33  Supply Depot x2  
  101  11:37  Supply Depot x2  
  101  11:54  SCV x2, Marauder x3, Medivac  
  108  12:01  Supply Depot  
  112  12:05  Supply Depot  
  112  12:06  SCV x2  
  113  12:15  Marauder, Command Center  
  112  12:16  Marauder  
  114  12:24  Medivac  
  116  12:38  Siege Tank x2  
  122  12:54  Medivac  
  107  13:10  Siege Tank  
  100  13:24  Medivac  
  102  13:29  Marauder  
  102  13:30  Marauder x2, Marine x4  
  102  13:32  SCV x2  
  111  13:44  SCV x2  
  111  13:48  Marine x4  
  114  13:51  Marauder x3  
  114  13:54  Medivac  
  125  14:05  Marine  
  125  14:06  Marine x3  
  125  14:08  SCV x2  
Show
View Real Time Build Order
Export as new Build Order

eliaz Protoss 

Build Orders:  

Get SALT Encoding   

  12  0:00  Probe  
  13  0:15  Pylon  
  13  0:18  Probe  
  14  0:30  Probe (Chrono Boost)  
  14  0:35  Gateway  
  15  0:42  Probe (Chrono Boost)  
  16  0:48  Probe (Chrono Boost)  
  17  0:54  Assimilator  
  17  0:57  Probe  
  18  1:09  Assimilator  
  18  1:12  Probe  
  19  1:24  Probe  
  19  1:25  Cybernetics Core  
  21  1:46  Nexus  
  20  1:50  Probe  
  21  1:59  Pylon  
  21  2:04  Warp Gate  
  21  2:07  Adept (Chrono Boost)  
  20  2:14  Probe  
  22  2:26  Probe  
  23  2:33  Gateway  
  23  2:38  Probe  
  23  2:42  Stalker  
  26  2:52  Pylon  
  26  2:56  Probe (Chrono Boost)  
  27  3:00  Probe (Chrono Boost)  
  28  3:08  Probe (Chrono Boost)  
  30  3:12  Probe (Chrono Boost)  
  30  3:16  Gateway  
  30  3:18  Probe (Chrono Boost)  
  31  3:28  Gateway  
  31  3:34  Twilight Council  
  31  3:38  Probe  
  32  3:43  Probe  
  33  3:52  Probe  
  33  3:54  Sentry  
  36  3:56  Stalker  
  36  3:58  Probe  
  39  4:04  Robotics Facility  
  39  4:06  Probe  
  40  4:11  Charge  
  40  4:12  Probe  
  41  4:18  Probe (Chrono Boost)  
  41  4:19  Assimilator  
  41  4:23  Stalker  
  44  4:25  Probe (Chrono Boost)  
  45  4:33  Probe (Chrono Boost), Stalker  
  48  4:39  Probe (Chrono Boost)  
  48  4:43  Pylon  
  49  4:50  Zealot x2  
  53  5:04  Probe  
  53  5:05  Stalker x2  
  58  5:08  Probe  
  58  5:11  Assimilator  
  59  5:16  Stalker  
  59  5:20  Observer  
  62  5:32  Pylon  
  62  5:45  Blink (Chrono Boost)  
  62  5:46  Pylon  
  62  5:51  Probe (Chrono Boost)  
  62  5:52  Zealot x3  
  62  5:53  Probe (Chrono Boost)  
  62  5:56  Probe (Chrono Boost)  
  70  6:02  Probe  
  70  6:03  Immortal (Chrono Boost)  
  68  6:07  Stalker  
  68  6:08  Probe  
  71  6:14  Probe  
  68  6:22  Zealot x3  
  68  6:23  Probe  
  73  6:26  Probe  
  72  6:37  Stalker  
  72  6:39  Warp Prism (Chrono Boost)  
  70  6:51  Probe x2, Shield Battery  
  72  6:57  Stalker x3  
  78  7:10  Pylon  
  78  7:12  Forge  
  78  7:15  Forge  
  78  7:28  Probe x2  
  80  7:34  Pylon  
  80  7:35  Pylon  
  80  7:39  Gateway  
  80  7:40  Probe x2  
  82  7:45  Pylon  
  82  7:46  Stalker x2  
  77  8:10  Stalker  
  77  8:11  Stalker x3  
  79  8:14  Probe x2  
  79  8:17  Immortal  
  81  8:26  Probe  
  74  8:34  Zealot x4  
  74  8:35  Zealot  
  76  8:44  Probe  
  76  8:45  Probe  
  78  8:55  Stalker  
  80  8:56  Stalker x4  
  80  8:57  Probe  
  79  9:13  Probe  
  79  9:14  Probe  
  79  9:24  Stalker x5  
  85  9:25  Probe  
  82  9:38  Probe x2  
  83  9:40  Warp Prism  
  80  9:57  Probe x2  
  76  10:07  Stalker x5  
  76  10:08  Protoss Ground Weapons Level 1 (Chrono Boost)  
  76  10:09  Probe, Protoss Ground Armor Level 1 (Chrono Boost)  
  76  10:10  Probe  
  88  10:21  Gateway  
  88  10:22  Gateway  
  88  10:29  Nexus  
  88  10:33  Pylon, Stalker  
  88  10:34  Stalker x2  
  94  10:36  Pylon  
  94  10:45  Immortal  
  98  10:55  Photon Cannon  
  98  10:57  Photon Cannon  
  98  11:01  Stalker x2  
  102  11:06  Probe x2  
  104  11:14  Gateway  
  104  11:16  Gateway  
  104  11:18  Probe  
  105  11:28  Zealot  
  105  11:29  Zealot x2  
  111  11:44  Assimilator  
  111  11:49  Assimilator  
  111  11:51  Zealot x5  
  113  12:20  Warp Prism  
  113  12:22  Probe x3  
  118  12:34  Zealot  
  118  12:35  Zealot x7  
  126  12:46  Templar Archives  
  126  12:53  Probe  
  126  12:54  Probe  
  122  13:05  Zealot x6  
  96  13:06  Zealot x2  
  75  13:29  Zealot  
  75  13:30  Zealot x2  
  81  13:45  Zealot x3  
  81  13:53  Stalker x2  
  81  13:54  Stalker  
  62  14:06  High Templar x3  
  64  14:10  Archon  
  64  14:17  High Templar  
  64  14:18  High Templar x2  
Tags
 
Matchup
PvT
Opening
2 Factory
Replay Pack
Multiplayer
Spawn Locations
Cross Positions
Add a new tag
Caveats
  • Supply blocks, unpowered buildings, or Contaminate may cause inaccurate times.
  • Supply counts are checked every 10 seconds.